 Dungeon Crawl Stone Soup version 0.26-a0-837-g5a8a614f01 (webtiles) character file.

Game seed: 16940073480930881336

44 Descartes the Sneak (level 3, -15/17 HPs)
             Began as a Felid Delver on Nov 17, 2020.
             Demolished by an ogre
             ... wielding a +0 giant club
              (18 damage)
             ... on level 4 of the Dungeon on Nov 18, 2020.
             The game lasted 00:04:14 (1395 turns).

Descartes the Sneak (Felid Delver)                  Turns: 1395, Time: 00:04:14

Health: -15/17     AC:  1    Str:  9    XL:     3   Next: 41%
Magic:  4/4        EV: 20    Int: 11    God:
Gold:   115        SH:  0    Dex: 17    Spells: 2/2 levels left
                                        Lives:  0   Deaths: 1

rFire    . . .     SeeInvis +     - Unarmed
rCold    . . .     Faith    .   (shield unavailable)
rNeg     . . .     Spirit   .   (armour unavailable)
rPois    .         Reflect  .   (helmet unavailable)
rElec    .         Harm     .   (cloak unavailable)
rCorr    .         Rampage  .   (gloves unavailable)
MR       .....                  (boots unavailable)
Stlth    ++++......             (no amulet)
HPRegen  0.05/turn              (no ring)
MPRegen  0.09/turn              (no ring)

@: quick
A: very small, no armour, no weapons or thrown items, stealth, claws 1, fangs 3,
see invisible, speed 1, shaggy fur 1, sharp paws
a: no special abilities


You were on level 4 of the Dungeon.
You visited 1 branch of the dungeon, and saw 3 of its levels.

You collected 115 gold pieces.

Inventory:

Wands
 e - a wand of digging (3)
Scrolls
 a - 2 scrolls of fog
 b - a scroll of magic mapping
 c - a scroll of fear
 f - a scroll of remove curse {unknown}
 h - 3 scrolls of teleportation {unknown}
 j - a scroll of enchant armour {unknown}
 k - a scroll of identify {unknown}
Potions
 d - a potion of haste
 g - a potion of mutation {unknown}
 i - a potion of ambrosia {unknown}


   Skills:
 - Level 3.0 Fighting
 + Level 4.5 Dodging
 + Level 7.7 Stealth
 + Level 2.5 Unarmed Combat


You had 2 spell levels left.
You didn't know any spells.
Your spell library was empty.

Dungeon Overview and Level Annotations

Branches:
Dungeon (5/15)
 Temple: D:4-7

Altars:

Shops:
D:4 (


Innate Abilities, Weirdness & Mutations

You cannot wear armour.
You are incapable of wielding weapons or throwing items.
Your paws allow you to move quietly. (Stealth)
You have sharp claws.
You have razor-sharp teeth.
You have supernaturally acute eyesight. (SInv)
You cover ground quickly.
You are covered in fur. (AC +1)
Your sharp claws are effective at attacking unaware monsters.


Message History

You rejoin the land of the living...
An ogre is nearby!
You scratch the ogre but do no damage.
The ogre is almost dead.
The ogre completely misses you.
You barely miss the ogre.
The ogre is almost dead.
The ogre misses you.
You scratch the ogre but do no damage.
The ogre is almost dead.
You scratch the ogre.
The ogre is almost dead.
The ogre hits you with a +0 giant club!
Ouch! That really hurt!
* * * LOW HITPOINT WARNING * * *
You are too injured to fight recklessly!
You are too injured to fight recklessly!
The ogre hits you with a +0 giant club!!
Ouch! That really hurt!
You die...

##.....##..##
#...#.##...##
##..........#
#..######.##
#..###....#
.##.....†.##
........#$##
#.....O...#
#######...@...#
##.#.....>.....#
...............#
.##....#.....#...#
................#
#.##.........#.#
..#..........#.#.#
#..............###
#..............#


You could see an ogre.

Vanquished Creatures
  A howler monkey (D:4)
  An iguana (D:5)
  An adder (D:3)
  A shadow imp (D:5)
  An adder skeleton (D:4)
  2 leopard geckos (D:4)
  An orc (D:3)
  2 giant cockroaches (D:4)
  A goblin (D:3)
  A bat (D:3)
  2 frilled lizards (D:4)
  A jackal skeleton (D:4)
15 creatures vanquished.

Notes
Turn   | Place    | Note
-------+----------+-------------------------------------------
     0 | D:5      | Descartes the Felid Delver began the quest for the Orb.
     0 | D:5      | Reached XP level 1. HP: 10/10 MP: 2/2
    19 | D:5      | Noticed an iguana
    21 | D:5      | Killed an iguana
    22 | D:5      | Reached skill level 7 in Stealth
    22 | D:5      | Reached XP level 2. HP: 14/14 MP: 3/3
   128 | D:5      | Reached XP level 3. HP: 5/17 MP: 4/4
   152 | D:5      | Noticed a scorpion
   383 | D:4      | Found Bolueps's Antique Weapon Shoppe.
   608 | D:3      | Noticed a scorpion
  1020 | D:4      | Reached XP level 4. HP: 6/21 MP: 5/5
  1020 | D:4      | Upgraded the game from 0.26-a0-835-g8259106e14 to
                  | 0.26-a0-837-g5a8a614f01
  1027 | D:4      | Noticed an ogre
  1379 | D:4      | Mangled by an ogre
  1380 | D:4      | Reached XP level 3. HP: -12/17 MP: 4/4
  1395 | D:4      | Demolished by an ogre

Illustrated notes

Levels and vault maps discovered:
D:3:      layout_basic
D:4:      layout_basic, minmay_temple_entry_antechambers, serial_shops,
          nicolae_shop_waterfront, uniq_eustachio
D:5:      layout_loops_ring, serial_shops, kennysheep_little_box, uniq_sigmund,
          uniq_grinder

Skill      XL: |  1  2  3 |
---------------+----------+-----
Dodging        | 3 4 |  4.5
Stealth        | 7 |  7.7
Fighting       | |  3.0
Unarmed Combat | |  2.5

Action                   |  1- 3 |  4- 6 || total
-------------------------+-------+-------++-------
Melee: Unarmed           |    51 |    24 ||    75
       Bite              |     1 |     4 ||     5
 Stab: Sleeping          |     3 |     1 ||     4
Armor: Skin              |       |     1 ||     1
Dodge: Dodged            |    31 |    18 ||    49

Table legend: (Time is in decaauts)
 A = Elapsed time spent in this place.
 B = Non-inter-level travel time spent in this place.
 C = Inter-level travel time spent in this place.
 D = Time resting spent in this place.
 E = Time spent auto-exploring this place.
 F = Levels seen in this place.
 G = Mean time per level.
                   A        B        C        D        E       F      G
               +--------+--------+--------+--------+--------+-----+--------+
         Total |   1275 |   1236 |     39 |    507 |    532 |   3 |  425.0 |
       Dungeon |   1275 |   1236 |     39 |    507 |    532 |   3 |  425.0 |
               +--------+--------+--------+--------+--------+-----+--------+

Top non-repeatable levels by time:
     D:4: 776 daAuts
     D:3: 303 daAuts
     D:5: 194 daAuts
